 Dungeon Sprint DCSS version 0.27.1-2-g3b301248ec (webtiles) character file.

Game seed: 3038517730007593990

478 boopmooplesden the Protected (level 6, -4/66 HPs)
             Began as a Minotaur Fighter on Sept 22, 2021.
             Slain by a wyvern (16 damage)
             ... in the Dungeon (Sprint II: "The Violet Keep of Menkaure").
             The game lasted 00:00:22 (291 turns).

boopmooplesden the Protected (Minotaur Fighter)      Turns: 291, Time: 00:00:23

Health: -4/66      AC:  8    Str: 23    XL:     6   Next: 86%
Magic:  5/5        EV:  9    Int:  5    God:
Gold:   243        SH: 12    Dex:  9    Spells: 5/5 levels left

rFire    . . .     SeeInvis .   a - +0 war axe
rCold    . . .     Faith    .   c - +0 kite shield
rNeg     . . .     Spirit   .   b - +0 scale mail
rPois    .         Reflect  .   (helmet restricted)
rElec    .         Harm     .   (no cloak)
rCorr    .         Rampage  .   (no gloves)
Will     .....     NoTele   +   (no boots)
Stlth    ..........             (no amulet)
HPRegen  0.21/turn              (no ring)
MPRegen  0.09/turn              (no ring)

@: no status effects
A: horns 2, retaliatory headbutt
a: no special abilities


You were in the Dungeon.
You visited 1 branch You collected 243 gold pieces.

Inventory:

Hand Weapons
 a - a +0 war axe (weapon)
Armour
 b - a +0 scale mail (worn)
 c - a +0 kite shield (worn)
Scrolls
 j - a scroll of blinking
Potions
 e - a potion of curing
 g - a potion of haste
 h - 2 potions of magic


   Skills:
 + Level 10.0 Fighting
 + Level 6.0 Axes
 + Level 10.5 Armour
 + Level 10.3 Shields


You had 5 spell levels left.
You didn't know any spells.
Your spell library was empty.

Dungeon Overview and Level Annotations

Branches:
Dungeon (1/1)

Altars:


Innate Abilities, Weirdness & Mutations

You have a pair of horns on your head.
You reflexively headbutt those who attack you in melee.


Message History

You barely miss the wyvern.
The wyvern is moderately wounded.
You block the wyvern's attack. x2
You hit the wyvern.
The wyvern is heavily wounded.
The wyvern bites you. x2
You slash the wyvern!
The wyvern is severely wounded.
The wyvern bites you but does no damage.
The wyvern bites you! The wyvern bites you.
You hit the wyvern.
The wyvern is almost dead.
The wyvern closely misses you. You block the wyvern's attack.
You slash the wyvern!
You kill the wyvern!
The wyvern bites you!
* * * LOW HITPOINT WARNING * * *
You block the wyvern's attack.
Your Fighting skill increases to level 10!
Your Axes skill increases to level 6!
Your Armour skill increases to level 10!
Your Shields skill increases to level 10!
You feel much better. The wyvern bites you.
You hit the wyvern but do no damage. The wyvern bites you.
You block the wyvern's attack.
You barely miss the wyvern. Your headbutt misses the wyvern.
The wyvern bites you!
The wyvern bites you but does no damage.
You slash the wyvern! Your headbutt misses the wyvern.
The wyvern is heavily wounded.
You block the wyvern's attack. The wyvern bites you!
* * * LOW HITPOINT WARNING * * *
You barely miss the wyvern.
The wyvern is heavily wounded.
The wyvern barely misses you. You block the wyvern's attack.
You hit the wyvern but do no damage.
You headbutt the wyvern, but do no damage.
The wyvern is heavily wounded.
The wyvern bites you!
You die...

##+##
##...##
#..#..#
##.).##
# ##'##
.#
##.##.#
+.<@l#
##.##$#
#+# .#
#


You could see a wyvern.

Vanquished Creatures
  A merfolk siren (D)
  A wyvern (D)
2 creatures vanquished.

Vanquished Creatures (others)
  A water moccasin (D)
1 creature vanquished.

Grand Total: 3 creatures vanquished

Notes
Turn   | Place    | Note
-------+----------+-------------------------------------------
     0 | D        | boopmooplesden the Minotaur Fighter began the quest for the
                  | Orb.
     0 | D        | Reached XP level 1. HP: 19/19 MP: 0/0
     1 | D        | Noticed a merfolk siren
     7 | D        | Killed a merfolk siren
     8 | D        | Reached skill level 5 in Axes
     8 | D        | Reached XP level 2. HP: 7/37 MP: 1/1
     8 | D        | Reached XP level 3. HP: 8/42 MP: 2/2
     8 | D        | Reached XP level 4. HP: 9/50 MP: 3/3
     8 | D        | Reached XP level 5. HP: 11/57 MP: 4/4
     8 | D        | Reached XP level 6. HP: 12/63 MP: 5/5
   248 | D        | Killed a water moccasin
   275 | D        | Noticed a wyvern
   275 | D        | Noticed a wyvern
   285 | D        | Killed a wyvern
   286 | D        | Reached skill level 10 in Fighting
   286 | D        | Reached skill level 10 in Armour
   286 | D        | Reached skill level 10 in Shields
   291 | D        | Slain by a wyvern

Illustrated notes

Levels and vault maps discovered:
D:        the_violet_keep_of_menkaure [sprint2_stairs_cluster_1,
          sprint2_shoproom, sprint2_temple, sprint2_basic_supplies,
          sprint2_obstacle_4, sprint2_obstacle_2, sprint2_obstacle_3,
          sprint2_obstacle_5, sprint2_obstacle_7, sprint2_timed_cluster_1,
          sprint2_smallroom_cluster_1, sprint2_smallroom_final_cluster_1,
          sprint2_transparent_cluster_1, sprint2_second_timed_cluster_1,
          sprint2_sniper_area_1, sprint2_heavy_combat_area_1,
          sprint2_mutation_trap_area_1, sprint2_forest_area_1,
          sprint2_light_combat_area_1, sprint2_behind_water_1,
          sprint2_near_end_vault_1]

Skill      XL: |  1  2  3  4  5  6 |
---------------+-------------------+-----
Fighting       | 9 10 | 10.0
Axes           | 5 6 |  6.0
Armour         | 9 10 | 10.5
Shields        | 9 10 | 10.3

Action                   |  1- 3 |  4- 6 || total
-------------------------+-------+-------++-------
Melee: War axe           |     3 |    15 ||    18
       Headbutt          |     2 |     2 ||     4
  Use: Potion            |     2 |     1 ||     3
Armor: Scale mail        |       |     3 ||     3
Dodge: Dodged            |     1 |     5 ||     6
Block: Kite shield       |     1 |    11 ||    12
